 Dungeon Crawl Stone Soup version 0.27.1-2-g3b301248ec (webtiles) character file.

Game seed: 3725229423654449430

79 Crownlay the Skirmisher (level 4, -4/35 HPs)
             Began as a Djinni Fire Elementalist on Oct 3, 2021.
             Slain by a gnoll (7 damage)
             ... on level 3 of the Dungeon.
             The game lasted 00:06:24 (2762 turns).

Crownlay the Skirmisher (Djinni Fire Elementalist)  Turns: 2762, Time: 00:06:25

Health: -4/35      AC:  6    Str:  7    XL:     4   Next: 64%
Gold:   64         EV: 12    Int: 18    God:
                   SH:  5    Dex: 13

rFire    + + .     SeeInvis .   k - +4 whip
rCold    x . .     Faith    .   (no shield)
rNeg     . . .     Spirit   .   a - +0 robe
rPois    ∞         Reflect  +   (no helmet)
rElec    .         Harm     .   (no cloak)
rCorr    .         Rampage  .   (no gloves)
Will     .....                  (boots unavailable)
Stlth    ++........             c - amulet of reflection
HPRegen  0.11/turn              d - +4 ring of protection
MPRegen  0.00/turn              (no ring)

@: flying, very slightly contaminated
A: sickness immunity, fire resistance 2, cold vulnerability 1, float, innate
caster, hp casting, extra vitality 1
a: no special abilities


You were on level 3 of the Dungeon.
You visited 1 branch of the dungeon, and saw 3 of its levels.

You collected 64 gold pieces.

Inventory:

Hand Weapons
 k - a +4 whip (weapon)
Missiles
 i - 2 atropa-tipped darts
Armour
 a - a +0 robe (worn)
Jewellery
 c - an amulet of reflection (around neck)
 d - a +4 ring of protection (left hand)
Scrolls
 h - a scroll of identify {unknown}
 j - a scroll of brand weapon {unknown}
 l - a scroll of immolation {unknown}
Potions
 b - a potion of curing {unknown}
 e - 2 potions of might {unknown}
 f - a potion of degeneration {unknown}
 g - a potion of berserk rage {unknown}


   Skills:
 * Level 3.1 Fighting
 - Level 2.1 Dodging
 - Level 1.5 Stealth
 + Level 3.0 Spellcasting


You couldn't memorise any spells.
You knew the following spells:

 Your Spells              Type           Power      Damage    Failure   Level
a - Foxfire               Conj/Fire      52%        2x1d6     4%          1
b - Conjure Flame         Conj/Fire      13%        6-21      14%         3
c - Inner Flame           Hex/Fire       13%        N/A       14%         3
d - Sticky Flame          Conj/Fire      13%        2d4       43%         4
e - Fireball              Conj/Fire      6%         3d5       78%         5
f - Apportation           Tloc           26%        N/A       4%          1
Your spell library was empty.

Dungeon Overview and Level Annotations

Branches:
Dungeon (3/15)

Altars:

Shops:
D:1 =


Innate Abilities, Weirdness & Mutations

You are immune to sickness and miasma.
You are immune to poison.
Your flesh is very heat resistant. (rF++)
You are vulnerable to cold. (rC-)
You float through the air rather than walking.
You learn spells naturally, not from books.
Your magical power is your life essence.
You have superior vitality. (+4 HP)


Message History

You conjure some foxfire!
You block the gnoll's attack.
The foxfire hits the gnoll.
The gnoll is lightly wounded.
The foxfire hits the gnoll.
The gnoll is lightly wounded.
The gnoll barely misses you. You block the gnoll's attack. x2
A kobold comes into view.
It is wielding a +0 dagger of venom and quivering poisoned darts.
You conjure some foxfire!
The gnoll hits you from afar with a +0 halberd.
The gnoll barely misses you.
The foxfire hits the hound skeleton.
The hound skeleton is moderately damaged.
The gnoll hits you from afar with a +0 spear. x2
The foxfire hits the gnoll.
The gnoll is heavily wounded.
Casting: Foxfire (safe; 4% risk of failure)
Confirm with . or Enter, or press ? or * to list all spells.
The spell is quite dangerous to cast (14% risk of failure)!
Continue anyway?
You miscast Conjure Flame.
You are very lightly contaminated with residual magic.
Nothing appears to happen.
The gnoll hits you from afar with a +0 spear!
* * * LOW HITPOINT WARNING * * *
A kobold comes into view. It is wielding a +0 short sword.
Welcome back, Crownlay the Djinni Fire Elementalist.
Press ? for a list of commands and other information.
Cast which spell? (? or * to list)
The spell is quite dangerous to cast (14% risk of failure)!
Continue anyway?
Aiming: Inner Flame (quite dangerous; 14% risk of failure)
Press: ? - help, Shift-Dir - straight line, f - gnoll
Aim: a gnoll, wielding a +0 halberd (heavily wounded, chance to affect: 74%)
The gnoll is filled with an inner flame.
* * * LOW HITPOINT WARNING * * *
The gnoll barely misses you. x2; You block the gnoll's attack.
You are too injured to fight recklessly!
Casting: Inner Flame (quite dangerous; 14% risk of failure)
Confirm with . or Enter, or press ? or * to list all spells.
You conjure some foxfire!
* * * LOW HITPOINT WARNING * * *
The gnoll hits you from afar with a +0 halberd!
You die...

#....# #....# ##
#....# #. #....#
#####. #....#
.#..... #....#
....... #....#
......g######....#
#....KKggv@v..#.##
.....Zg########.#
##..... #.# #.####
#.# .. #.# . #.#
#.## #..##
#####..#


You could see 4 gnolls, 2 kobolds and a hound skeleton.

Vanquished Creatures
  4 adders (D:2)
  2 dart slugs (D:1)
  6 ball pythons
  2 bats
  5 endoplasms
  A giant cockroach (D:1)
  6 goblins
  2 hobgoblins (D:1)
  A quokka (D:1)
  2 frilled lizards (D:1)
  3 kobolds (D:2)
  5 rats
39 creatures vanquished.

Vanquished Creatures (others)
  94 foxfires
94 creatures vanquished.

Grand Total: 133 creatures vanquished

Notes
Turn   | Place    | Note
-------+----------+-------------------------------------------
     0 | D:1      | Crownlay the Djinni Fire Elementalist began the quest for
                  | the Orb.
     0 | D:1      | Reached XP level 1. HP: 15/15 MP: 0/0
   231 | D:1      | Reached skill level 1 in Fighting
   270 | D:1      | Reached XP level 2. HP: 21/22 MP: 0/0
   575 | D:1      | Found Nikhucs's Jewellery Shoppe.
   879 | D:1      | Reached XP level 3. HP: 26/28 MP: 0/0
   879 | D:1      | Learned a level 1 spell: Apportation
  1836 | D:2      | Reached XP level 4. HP: 27/34 MP: 0/0
  2762 | D:3      | Slain by a gnoll

Illustrated notes

Levels and vault maps discovered:
D:1:      psy_arrival_basics, layout_basic, serial_shops, shop
D:2:      layout_loops_ring, serial_park_tiny_2
D:3:      layout_rooms, nicolae_wu_jian_immortal_techniques,
          kennysheep_generic_room_11

Skill      XL: |  1  2  3  4 |
---------------+-------------+-----
Fighting       | 1 2 3 |  3.1
Spellcasting   | 3 |  3.0
Dodging        | |  2.1
Stealth        | |  1.5

Action                   |  1- 3 |  4- 6 || total
-------------------------+-------+-------++-------
Melee: Unarmed           |    18 |       ||    18
       Whip              |       |     8 ||     8
 Cast: Foxfire           |    49 |    18 ||    67
       Conjure Flame     |       |     1 ||     1
       Inner Flame       |       |     1 ||     1
Armor: Robe              |    12 |     3 ||    15
Dodge: Dodged            |    22 |    12 ||    34
Block: Other             |     5 |     6 ||    11
